 Dungeon Crawl Stone Soup version 0.22.1-1-ga44c0e56f4 (webtiles) character file.

135 Ivernyr the Magician (level 4, -1/33 HPs)
             Began as a Draconian Wizard on Oct 9, 2018.
             Was an Initiate of Sif Muna.
             Killed by nerve-wracking pain
             ... invoked by Grinder
              (4 damage)
             ... on level 3 of the Dungeon.
             The game lasted 00:22:33 (3892 turns).

Ivernyr the Magician (Draconian Wizard)             Turns: 3892, Time: 00:22:33

Health: -1/33      AC:  5    Str:  9    XL:     4   Next: 97%
Magic:  2/10       EV: 13    Int: 19    God:    Sif Muna [......]
Gold:   110        SH:  0    Dex: 10    Spells: 2/11 levels left

rFire    . . .     SeeInvis .   g - +1 whip (elec)
rCold    . . .     Gourm    .   (no shield)
rNeg     . . .     Faith    .   (armour unavailable)
rPois    .         Spirit   .   a - +0 hat
rElec    .         Reflect  .   (no cloak)
rCorr    .         Harm     .   (no gloves)
MR       .....                  (no boots)
Stlth    +++.......             (no amulet)
HPRegen  0.11/turn              d - +1 ring of evasion
MPRegen  0.12/turn              m - ring of stealth

@: no status effects
A: unfitting armour, cold-blooded, AC +5
a: Renounce Religion


You were on level 3 of the Dungeon.
You worshipped Sif Muna.
Sif Muna was noncommittal.
You were not hungry.

You visited 1 branch of the dungeon, and saw 3 of its levels.

You collected 110 gold pieces.

Inventory:

Hand Weapons
 g - a +1 whip of electrocution (weapon)
Armour
 a - a +0 hat (worn)
Jewellery
 d - a +1 ring of evasion (left hand)
 m - a ring of stealth (right hand)
Scrolls
 f - 2 scrolls of teleportation {unknown}
 i - 3 scrolls of amnesia {unknown}
 j - 3 scrolls of noise {unknown}
 l - a scroll of enchant weapon {unknown}
Potions
 b - a potion of ambrosia {unknown}
 e - a potion of haste {unknown}
 h - a potion of degeneration {unknown}
 k - a potion of curing {unknown}
 n - a potion of lignification {unknown}
Comestibles
 c - 4 rations


   Skills:
 + Level 2.6 Dodging
 - Level 1.7 Stealth
 + Level 4.0 Spellcasting
 * Level 2.8 Conjurations
   Level 1.0 Summonings
 - Level 1.0 Translocations
 + Level 1.0 Invocations


You had 2 spell levels left.
You knew the following spells:

 Your Spells              Type           Power        Failure   Level  Hunger
a - Magic Dart            Conj           ##..         4%          1    None
b - Blink                 Tloc           N/A          14%         2    ##.....
c - Conjure Flame         Conj/Fire      #.......     22%         3    ###....
d - Mephitic Cloud        Conj/Pois/Air  #.......     28%         3    ###....

Your spell library contained the following spells:

 Spells                   Type           Power        Failure   Level  Hunger
 Call Imp                 Summ           #.......     14%         2    ##.....
 Slow                     Hex            #.......     21%         2    ##.....


Dungeon Overview and Level Annotations

Branches:
Dungeon (3/15)

Altars:
Sif Muna

Annotations:
D:3 Grinder


Innate Abilities, Weirdness & Mutations

Your plain brown scales are hard. (AC +5)
You cannot fit into any form of body armour.
You are cold-blooded and may be slowed by cold attacks.


Message History

You closely miss Grinder.
Grinder is heavily wounded.
Grinder hits you!
You closely miss Grinder.
Grinder is heavily wounded.
Grinder hits you.
You hit Grinder but do no damage.
Grinder is heavily wounded.
Grinder hits you!
* * * LOW HITPOINT WARNING * * *
You writhe in agony.
* * * LOW HITPOINT WARNING * * *
You barely miss Grinder.
Grinder is heavily wounded.
Grinder closely misses you.
You hit Grinder. You tail-slap Grinder.
Grinder is severely wounded.
Grinder gestures at you. Pain shoots through your body!
You die...

.#
########.#..
##.....#.....
##............
#.............
#.............
#..........†..
#.............
#.....@5......
##<......<....
##.....#.....
############


You could see Grinder.

Vanquished Creatures
  3 gnolls
  3 adders (D:2)
  2 worms (D:2)
  2 dart slugs
  4 leopard geckos
  An orc (D:2)
  2 ball pythons
  8 bats
  4 giant cockroaches
  3 goblins
  10 hobgoblins
  3 jackals (D:1)
  A quokka (D:2)
  4 frilled lizards
  8 kobolds
  5 rats
63 creatures vanquished.

Notes
Turn   | Place    | Note
-------+----------+-------------------------------------------
     0 | D:1      | Ivernyr the Draconian Wizard began the quest for the Orb.
     0 | D:1      | Reached XP level 1. HP: 14/14 MP: 4/4
   286 | D:1      | Reached XP level 2. HP: 19/20 MP: 0/6
   503 | D:1      | Learned a level 2 spell: Blink
  1150 | D:1      | Reached XP level 3. HP: 19/26 MP: 1/8
  1155 | D:1      | Learned a level 3 spell: Conjure Flame
  1159 | D:1      | Learned a level 3 spell: Mephitic Cloud
  2269 | D:2      | Reached XP level 4. HP: 31/33 MP: 4/9
  2322 | D:2      | Found a deep blue altar of Sif Muna.
  2328 | D:2      | Became a worshipper of Sif Muna the Loreminder
  3728 | D:1      | Reached skill level 4 in Spellcasting
  3834 | D:2      | Reached skill level 1 in Invocations
  3872 | D:3      | Noticed Grinder
  3892 | D:3      | Killed from afar by Grinder

Skill      XL: |  1  2  3  4 |
---------------+-------------+-----
Dodging        | 2 |  2.6
Conjurations   | 2 |  2.8
Spellcasting   | 4 |  4.0
Invocations    | 1 |  1.0
Stealth        | |  1.7
Summonings     | |  1.0
Translocations | |  1.0

Action                   |  1- 3 |  4- 6 || total
-------------------------+-------+-------++-------
Melee: Unarmed           |    82 |       ||    82
       Tailslap          |     3 |     3 ||     6
       Whip              |     8 |    53 ||    61
 Cast: Magic Dart        |   100 |    64 ||   164
       Blink             |       |     2 ||     2
 Stab: Sleeping          |       |     1 ||     1
  Eat: Chunk             |     4 |     5 ||     9
Armor: Skin              |    41 |    11 ||    52
Dodge: Dodged            |    77 |    60 ||   137
